[Event "*** MasterClass Titled Tuesday Blitz"]
[Site "Chess.com"]
[Date "2017.08.01"]
[Round "4"]
[White "Al_Shima"]
[Black "popov_m"]
[Result "0-1"]
[WhiteElo "2390"]
[BlackElo "2429"]
[TimeControl "180+2"]
[EndTime "13:54:52 PDT"]
[Termination "popov_m won by resignation"]

1. b3 e5 2. Bb2 Nc6 3. e3 d5 4. Bb5 Bd6 5. f4 f6 6. fxe5 fxe5 7. Nh3 Qh4+ 8. Nf2 Nf6 9. g3 Qh6 10. Qf3 O-O 11. Qg2 Nb4 12. Na3 c6 13. Be2 Ne4 14.
Ng4 Bxg4 15. Bxg4 Rf2 16. Qxf2 Nxf2 17. Kxf2 Qg6 18. Bd1 Rf8+ 19. Kg2 Qe4+ 20. Kg1 Qf5 21. Kg2 Qf2+ 22. Kh3 Rf6 23. Bc3 Rh6+ 24. Kg4 g6 25. Bf3 Rh4+ 26. gxh4 h5+ 27. Kg5 Qxf3 28. Raf1 Be7+ 29.
Kh6 Bf8+ 30. Kxg6 Qg4+ 31. Kf6 Bg7+ 32. Ke7 c5 33. Nb5 Nc6+ 34. Kd6 d4 35. exd4 exd4 36.
Ba1 Qxh4 37. Kxc5 Qe7+ 38. Kc4 a6 39. Nxd4 Qb4+ 40. Kd3 Nxd4 41. c3 Qb5+ 42. c4 Qd7 43. Bxd4 Qxd4+ 44. Ke2 Qe4+ 45. Kd1 Qb1+ 46. Ke2 Qe4+ 47.
Kd1 Bd4 48. Re1 Qb1+ 49. Ke2 Qxa2 50. Rb1 Qc2 51. Rbf1 Qe4+ 52. Kd1 Qb1+ 53. Ke2 Qxb3 54. Rf4 Qxc4+ 55. Kd1 Qd3 56. Rhf1 Bg7 57. R1f3 Qb1+ 58. Ke2 a5 59. Rg3 Qb5+ 60. d3 a4 61. Rf2 a3 62.
Rfg2 Qe5+ 63. Kd1 Qa1+ 64. Ke2 a2 65. d4 Qxd4 66. Ra3 a1=Q 67. Rxa1 Qxa1 68. Kf3 Qf6+ 69. Kg3 b5 70. Kh3 Qf3+ 71. Rg3 Qxg3+ 72. Kxg3 b4 73. Kh4 b3 74. Kxh5 b2 75. h4 b1=Q 76.
Kg4 Qg6+ 0-1

[Event "*** MasterClass Titled Tuesday Blitz"]
[Site "Chess.com"]
[Date "2017.08.01"]
[Round "4"]
[White "Marcus_Harvey"]
[Black "Ilja_Semjonovs"]
[Result "1-0"]
[WhiteElo "2587"]
[BlackElo "2396"]
[TimeControl "180+2"]
[EndTime "13:54:56 PDT"]
[Termination "Marcus_Harvey won by resignation"]

1. Nf3 Nf6 2. b3 d6 3. Bb2 e5 4. e3 e4 5. Ng1 c5 6. d3 exd3 7.
Bxd3 d5 8. Nf3 Nc6 9. O-O Be7 10. c4 Be6 11. Ng5 O-O 12. Nxe6 fxe6 13. cxd5 exd5 14. Nc3 Qd7 15. a3 Rad8 16. Qc2 Kh8 17. Rad1 Qc7 18.
h3 a6 19. Ne2 b5 20. Bxf6 Rxf6 21. Bxh7 Qe5 22. Nf4 Rxf4 23. exf4 Qxf4 24. g3 Qh6 25. Bf5 Nd4 26. Rxd4 cxd4 27. Qd3 Bxa3 28. Qxd4 Be7 29. Rd1 Qf6 30. Qg4 Qg5 31. Qxg5 Bxg5 32. Ra1 Rd6 33. Bc8 Rc6 34. Bb7 Rc5 35. b4 Rc4 36.
Bxd5 Rxb4 37. Rxa6 Bf6 38. Kg2 Rb2 39. Ra8+ Kh7 40. Be4+ g6 41. Ra7+ Kh6 42. Ra6 Kg7 43. Rd6 b4 44. g4 Bh4 45. Rxg6+ Kf7 46. Rh6 Bxf2 47. Kf3 Bd4 48. Rh7+ Kf6 49. h4 Rf2+ 50. Kg3 Rb2 51. g5+ Ke5 52. Re7+ Kd6 53. Rb7 b3 54. h5 Be5+ 55. Kg4 Re2 56. Bf3 Re3 57. h6 b2 58. g6 Re1 59. g7 Rg1+ 60. Kf5 Bxg7 61. hxg7 Rxg7 62. Rxb2 Rf7+ 63. Ke4 Re7+ 64. Kd4 Rf7 65. Bd5 Rf4+ 66. Be4 Rh4 67. Rb6+ Kc7 68.
Rg6 Rh5 69. Bd5 Kd7 70. Kc5 Ke7 71. Re6+ Kd7 72. Rf6 Ke7 73. Rf7+ Ke8 74. Rg7 Rh6 75. Kd4 Kf8 76. Rf7+ Ke8 77. Ra7 Rh5 78. Bf7+ 1-0

[Event "*** MasterClass Titled Tuesday Blitz"]
[Site "Chess.com"]
[Date "2017.08.01"]
[Round "4"]
[White "KyronGriffith"]
[Black "Cocovitsch007"]
[Result "0-1"]
[WhiteElo "2326"]
[BlackElo "2225"]
[TimeControl "180+2"]
[EndTime "13:55:05 PDT"]
[Termination "Cocovitsch007 won on time"]

1. e4 c5 2. a3 Nc6 3. b4 e6 4. b5 Nb8 5. Bb2 d6 6. f4 Nf6 7.
Nc3 Be7 8. Nf3 b6 9. Bd3 Bb7 10. Qe2 d5 11. exd5 exd5 12. Ne5 O-O 13. O-O c4 14.
Bf5 d4 15. Ne4 g6 16. Nxf6+ Bxf6 17. Be4 d3 18. cxd3 cxd3 19. Qxd3 Qxd3 20. Bxd3 Rd8 21.
Bc4 Bd5 22. Rac1 Bxc4 23. Rxc4 Nd7 24. d4 Nxe5 25. dxe5 Be7 26. Rc2 Bc5+ 27. Kh1 Rd3 28. Ra1 Rad8 29. h3 h5 30. Kh2 h4 31. a4 Rd1 32. Rxd1 Rxd1 33. g3 hxg3+ 34. Kxg3 Rd3+ 35. Kg4 Rd1 36. Bc3 Rg1+ 37. Kf3 Rf1+ 38. Kg3 Rg1+ 39. Kf3 Rf1+ 40. Ke4 Ra1 41. a5 Ra4+ 42. Kd5 Rxf4 43. axb6 axb6 44. Ra2 Rf3 45. Ba1 Kh7 46. Ra7 Rxh3 47.
Rxf7+ Kh6 48. Ra7 Rd3+ 49. Ke6 g5 50. Kf5 Rf3+ 51. Kg4 Rf4+ 52. Kg3 Bf2+ 53. Kg2 Bc5 54. Rc7 Re4 55. Kf3 Re1 56. Rc8 Rf1+ 57. Kg4 Rf4+ 58.
Kg3 Bf2+ 59. Kg2 Bc5 60. Bc3 Rc4 61. Be1 Rc2+ 62. Kf3 Rb2 63. e6 Rxb5 64. Bd2 Rb3+ 65.
Kg4 Rd3 66. Bxg5+ Kg7 67. Bd8 Rd4+ 68. Kf5 Rd5+ 69. Ke4 Rd4+ 70. Ke5 Rd1 71. Rb8 Re1+ 72. Kd5 Rd1+ 73. Kc4 Rd4+ 74. Kb5 Re4 75. Rb7+ Kg6 76. e7 Kf7 77. Kc6 Bxe7 0-1

[Event "*** MasterClass Titled Tuesday Blitz"]
[Site "Chess.com"]
[Date "2017.08.01"]
[Round "4"]
[White "TryingToGetBetter94"]
[Black "Rumpel-VK"]
[Result "1/2-1/2"]
[WhiteElo "2325"]
[BlackElo "2426"]
[TimeControl "180+2"]
[EndTime "13:55:07 PDT"]
[Termination "Game drawn by stalemate"]

1. e4 d6 2. d4 Nf6 3. Nc3 e5 4. Nf3 Nbd7 5. Bc4 Be7 6. O-O O-O 7. Re1 c6 8. a4 exd4 9. Nxd4 Ne5 10. Ba2 Re8 11.
h3 Bd7 12. f4 Ng6 13. Be3 Qc7 14. Qd2 Bf8 15. Bf2 h6 16. Nf3 Be6 17. Bxe6 fxe6 18.
Nh4 Nxh4 19. Bxh4 Be7 20. Rad1 Rad8 21. Qf2 d5 22. e5 Nd7 23. Bxe7 Rxe7 24. Qxa7 Nb6 25.
a5 Nc4 26. b4 Rf7 27. Ne2 c5 28. Qxc5 Qxc5+ 29. bxc5 Nxa5 30. Nd4 Re8 31. Rf1 Rc7 32.
f5 exf5 33. Rxf5 Rxc5 34. e6 Nc6 35. Rf7 Nxd4 36. Rxd4 Rxe6 37. Rxb7 Rxc2 38. Rg4 g5 39. Ra4 Re8 40. Ra6 Rc1+ 41. Kh2 Rf1 42. Rg6+ Kf8 43.
Rxh6 Rf7 44. Rh8+ Kg7 45. Rxe8 Rxb7 46. Re5 Kf6 47. Rxd5 Rb6 48. Ra5 Kg6 49. Ra3 Rc6 50. g4 Rb6 51. Kg3 Rc6 52. Rf3 Rb6 53. Rc3 Ra6 54.
Rb3 Rc6 55. h4 gxh4+ 56. Kxh4 Ra6 57. Rb5 Rc6 58. Rg5+ Kh6 59. Rg8 Rc1 60. Rh8+ Kg6 61. Rg8+ Kh6 62. Rh8+ Kg7 63. Rh5 Kg6 64. Rg5+ Kh6 65.
Rh5+ Kg6 66. Ra5 Rh1+ 67. Kg3 Rg1+ 68. Kf3 Rf1+ 69. Kg2 Rb1 70. Kg3 Rg1+ 71. Kf3 Rf1+ 72. Kg2 Rb1 73. Kf2 Rb3 74. Kg2 Rc3 75. Rf5 Rb3 76.
Rf3 Rxf3 77. Kxf3 Kg5 78. Kg3 Kg6 79. Kf4 Kf6 80. g5+ Kg6 81. Kg4 Kg7 82. Kf5 Kf7 83.
Kf4 Kg6 84. Kg4 Kg7 85. Kf5 Kf7 86. g6+ Kg7 87. Kg5 Kg8 88. Kf6 Kh8 89. Kf5 Kg7 90.
Kg5 Kg8 91. Kh6 Kh8 92. g7+ Kg8 93. Kg6 1/2-1/2

[Event "*** MasterClass Titled Tuesday Blitz"]
[Site "Chess.com"]
[Date "2017.08.01"]
[Round "4"]
[White "hassler2"]
[Black "GMKrikor"]
[Result "1/2-1/2"]
[WhiteElo "2315"]
[BlackElo "2507"]
[TimeControl "180+2"]
[EndTime "13:55:07 PDT"]
[Termination "Game drawn - insufficient material"]

1. b3 b6 2. Bb2 Bb7 3. e3 e6 4.
Nf3 Nf6 5. c4 d5 6. d4 Bd6 7.
Bd3 O-O 8. Qc2 c5 9. Nbd2 Nc6 10. a3 Rc8 11. O-O cxd4 12. Nxd4 Nxd4 13. Bxd4 dxc4 14.
bxc4 h6 15. Rfd1 Ng4 16. Nf1 Qc7 17. h3 Ne5 18. Be2 Qc6 19. f3 Rfd8 20. Nd2 Qc7 21. Kh1 Nc6 22. Bb2 Bf8 23. Ne4 Rxd1+ 24. Rxd1 Rd8 25.
Nf2 Na5 26. e4 Ba6 27. Rc1 Rc8 28. Ng4 h5 29. Ne5 Nb7 30. f4 Nc5 31. Bxh5 g6 32. Bf3 Bg7 33. Ba1 Rd8 34. Rd1 Bb7 35. Kg1 Rd6 36.
Kf1 Rxd1+ 37. Qxd1 Bxe4 38. Bxe4 Nxe4 39. Qd4 Bxe5 40. fxe5 Qxc4+ 41. Qxc4 Nd2+ 42. Ke2 Nxc4 43. a4 Na5 44. Kd3 Nc6 45. Kc4 a6 46. Bc3 Kg7 47.
Kd3 g5 48. Ke4 Kg6 49. Bd2 b5 50. axb5 axb5 51. Bc3 Ne7 52. Bb4 Nd5 53. Bd2 Nc7 54.
Bb4 Nd5 55. Bd2 g4 56. hxg4 Nb6 57. Kd4 Nc4 58. Bc1 Na5 59. Bf4 b4 60. Kd3 f6 61.
exf6 Kxf6 62. Bd2 Nc6 63. Kc4 Ke5 64. Be3 Ke4 65. Bd2 e5 66. g5 Kf5 67. Kd5 b3 68. Bc3 e4 69. Kc4 Na5+ 70. Kd4 Nc6+ 71. Ke3 Ne7 72. g4+ Kxg4 73. Kxe4 Kxg5 74. Kd3 Nd5 75.
Kc4 Nxc3 76. Kxc3 Kf4 77. Kxb3 1/2-1/2

[Event "*** MasterClass Titled Tuesday Blitz"]
[Site "Chess.com"]
[Date "2017.08.01"]
[Round "5"]
[White "Vrolijk"]
[Black "XDPS"]
[Result "0-1"]
[WhiteElo "2500"]
[BlackElo "2528"]
[TimeControl "180+2"]
[EndTime "13:56:50 PDT"]
[Termination "XDPS won by resignation"]

1. d4 d5 2. c4 c6 3. Nf3 Nf6 4. Nc3 e6 5. Bg5 Nbd7 6. e3 Qa5 7.
Nd2 dxc4 8. Bxf6 Nxf6 9. Nxc4 Qc7 10. Be2 Be7 11. O-O O-O 12. Rc1 Bd7 13. Ne5 Rfd8 14. a3 Be8 15. Qc2 Rac8 16. Rfd1 Qb8 17. h3 c5 18. dxc5 Qxe5 0-1

[Event "*** MasterClass Titled Tuesday Blitz"]
[Site "Chess.com"]
[Date "2017.08.01"]
[Round "5"]
[White "livestrong04"]
[Black "Rodalquilar"]
[Result "0-1"]
[WhiteElo "2362"]
[BlackElo "2537"]
[TimeControl "180+2"]
[EndTime "13:57:23 PDT"]
[Termination "Rodalquilar won by resignation"]

1. e4 e5 2. Nf3 Nc6 3. d4 exd4 4. Nxd4 Bb4+ 5. Nc3 Nf6 6. Nxc6 bxc6 7. Bd3 O-O 8.
O-O d5 9. exd5 cxd5 10. Bg5 c6 11. Qf3 Bd6 12. Rae1 Rb8 13. b3 h6 14. Bd2 Bg4 15.
Qe3 d4 0-1

[Event "*** MasterClass Titled Tuesday Blitz"]
[Site "Chess.com"]
[Date "2017.08.01"]
[Round "5"]
[White "DavidMarkosyan"]
[Black "guilty93"]
[Result "1/2-1/2"]
[WhiteElo "2491"]
[BlackElo "2386"]
[TimeControl "180+2"]
[EndTime "13:58:37 PDT"]
[Termination "Game drawn by agreement"]

1. e4 e6 2. d3 d5 3. Nd2 c5 4. Ngf3 Nc6 5. g3 g6 6. Bg2 Bg7 7. O-O Nge7 8. Re1 O-O 9. c3 h6 10. exd5 Nxd5 11. Nb3 b6 12. d4 cxd4 13. Nbxd4 Bb7 14.
Nxc6 Bxc6 15. Nd4 Bd7 16. c4 Nf6 17. Bxa8 Qxa8 18. Qf3 Qc8 19. b3 e5 20. Nb5 e4 21.
Qe2 Bg4 22. Qf1 Bh3 23. Qe2 Bg4 1/2-1/2

[Event "*** MasterClass Titled Tuesday Blitz"]
[Site "Chess.com"]
[Date "2017.08.01"]
[Round "5"]
[White "beastfromweast"]
[Black "dmjjmd"]
[Result "1-0"]
[WhiteElo "2291"]
[BlackElo "2147"]
[TimeControl "180+2"]
[EndTime "13:58:55 PDT"]
[Termination "beastfromweast won by resignation"]

1. d4 Nf6 2. Nf3 d5 3. c4 e6 4. Nc3 a6 5. Bg5 dxc4 6. a4 c5 7. e3 Nc6 8. Bxc4 Nxd4 9. exd4 cxd4 10. Qxd4 Qc7 11. Bf4 Qa5 12. Bd6 Bd7 13. O-O Rc8 14.
Bxf8 Rxf8 15. Rfe1 Qc7 16. Bf1 Ke7 17. Qb4+ Ke8 18.
Rad1 b6 19. Bxa6 Ra8 20. Bb5 Bc6 1-0

[Event "*** MasterClass Titled Tuesday Blitz"]
[Site "Chess.com"]
[Date "2017.08.01"]
[Round "5"]
[White "iturrizaga"]
[Black "DrHolmes13"]
[Result "0-1"]
[WhiteElo "2606"]
[BlackElo "2382"]
[TimeControl "180+2"]
[EndTime "13:59:04 PDT"]
[Termination "DrHolmes13 won by resignation"]

1. Nf3 Nf6 2. c4 b6 3. g3 Bb7 4.
Bg2 e6 5. O-O Be7 6. b3 O-O 7.
Bb2 c5 8. e3 d5 9. Qe2 Nc6 10. Rd1 Qc7 11. Nc3 Rfd8 12. Rac1 dxc4 13. bxc4 a6 14. h3 h6 15. Ne1 Na5 16. f4 Rab8 17. Nf3 Bc6 18. g4 b5 19. cxb5 axb5 20.
g5 hxg5 21. fxg5 Nh5 22. g6 fxg6 23. d3 Ng3 24. Qf2 Rf8 25. Ne2 Nxe2+ 26. Qxe2 Bxf3 27. Bxf3 Qg3+ 28. Bg2 Bd6 0-1

[Event "*** MasterClass Titled Tuesday Blitz"]
[Site "Chess.com"]
[Date "2017.08.01"]
[Round "5"]
[White "stefanodinn"]
[Black "KyronGriffith"]
[Result "0-1"]
[WhiteElo "2167"]
[BlackElo "2331"]
[TimeControl "180+2"]
[EndTime "13:59:11 PDT"]
[Termination "KyronGriffith won by resignation"]

1. e4 d5 2. exd5 Qxd5 3. Nc3 Qd6 4. d4 Nf6 5. Nf3 a6 6. Be3 b5 7.
a3 Bb7 8. Be2 Nbd7 9. Qd2 e6 10.
O-O Be7 11. Rad1 O-O 12. h3 Rfd8 13. Qc1 Rac8 14. Rfe1 Nd5 15. Nxd5 Bxd5 16. Ne5 Nxe5 17. dxe5 Qxe5 18. Bf4 Qf6 19. Bg5 Qxg5 0-1

[Event "*** MasterClass Titled Tuesday Blitz"]
[Site "Chess.com"]
[Date "2017.08.01"]
[Round "5"]
[White "Saitama_Hero"]
[Black "Adham_Fawzy"]
[Result "1-0"]
[WhiteElo "2224"]
[BlackElo "2364"]
[TimeControl "180+2"]
[EndTime "13:59:19 PDT"]
[Termination "Saitama_Hero won by checkmate"]

1. d4 Nf6 2. Bg5 d5 3. Bxf6 exf6 4. e3 Nd7 5. c4 dxc4 6. Bxc4 Nb6 7. Bb3 Be6 8. Nc3 Bd6 9. Bxe6 fxe6 10. Qb3 Qd7 11.
Nf3 O-O-O 12. O-O g5 13. Rfc1 h5 14. Nb5 Kb8 15. Nd2 h4 16. Ne4 h3 17. g3 Nd5 18.
Nexd6 cxd6 19. e4 Nb6 20. Rc7 Qe8 21. Rac1 Rd7 22. Qa3 Nc8 23. Rxc8+ Qxc8 24. Qxa7# 1-0

[Event "*** MasterClass Titled Tuesday Blitz"]
[Site "Chess.com"]
[Date "2017.08.01"]
[Round "5"]
[White "ShimanovAlex"]
[Black "1lec"]
[Result "1-0"]
[WhiteElo "2612"]
[BlackElo "2054"]
[TimeControl "180+2"]
[EndTime "13:59:35 PDT"]
[Termination "ShimanovAlex won by resignation"]

1. e4 c5 2. Nf3 d6 3. d4 cxd4 4. Nxd4 Nf6 5. Nc3 a6 6. Rg1 e5 7.
Nb3 Be7 8. g4 h6 9. h4 Be6 10.
g5 hxg5 11. hxg5 Nh5 12. g6 fxg6 13. Rxg6 Bf7 14. Rg1 Nc6 15. Be3 Rg8 16. Nd5 Rc8 17.
Bh3 Rb8 18. Bb6 Qd7 1-0

[Event "*** MasterClass Titled Tuesday Blitz"]
[Site "Chess.com"]
[Date "2017.08.01"]
[Round "5"]
[White "IvaVidenova"]
[Black "IMcoach"]
[Result "0-1"]
[WhiteElo "2433"]
[BlackElo "2336"]
[TimeControl "180+2"]
[EndTime "14:00:22 PDT"]
[Termination "IMcoach won by resignation"]

1. e4 c5 2. Nf3 d6 3. d4 cxd4 4. Nxd4 Nf6 5. Nc3 a6 6. Bg5 Nbd7 7. Qe2 h6 8. Bh4 Qc7 9. f4 e6 10. O-O-O Be7 11. g4 g5 12. fxg5 hxg5 13. Bg3 Ne5 14. Bxe5 dxe5 15. Nf3 Rg8 16. h3 b5 17. Nxb5 axb5 18.
Qxb5+ Bd7 19. Qxe5 Qxe5 20. Nxe5 Rxa2 21. Kb1 Ra5 22.
Nxd7 Nxd7 23. c3 Ne5 24. b4 Ra7 25. Bb5+ Kf8 26. Kb2 Kg7 27. Ra1 Rc7 28. Kb3 Rgc8 29. c4 Nxc4 0-1

[Event "*** MasterClass Titled Tuesday Blitz"]
[Site "Chess.com"]
[Date "2017.08.01"]
[Round "5"]
[White "michaelk123"]
[Black "Sharafiev_Azat"]
[Result "1-0"]
[WhiteElo "2338"]
[BlackElo "2246"]
[TimeControl "180+2"]
[EndTime "14:00:44 PDT"]
[Termination "michaelk123 won by resignation"]

1. e4 c5 2. Nf3 e6 3. d4 cxd4 4. Nxd4 a6 5. c4 Nf6 6. Nc3 d6 7.
Be2 Nbd7 8. O-O b6 9. Be3 Bb7 10.
f3 Rc8 11. Qd2 Qc7 12. Rfc1 Be7 13. a4 O-O 14. a5 bxa5 15. Nb3 Ba8 16. Nxa5 Rb8 17. b4 Rxb4 18. Nb5 axb5 19. cxb5 Qd8 20. Qxb4 d5 21. Qd2 dxe4 22. Nc6 Bxc6 23. bxc6 exf3 24.
Bxf3 Ne5 25. Qxd8 Rxd8 26. c7 Nxf3+ 27. gxf3 Rc8 28. Rab1 Bd6 29. Rb8 1-0

[Event "*** MasterClass Titled Tuesday Blitz"]
[Site "Chess.com"]
[Date "2017.08.01"]
[Round "5"]
[White "OldweakGM"]
[Black "TregubovP"]
[Result "0-1"]
[WhiteElo "2581"]
[BlackElo "2520"]
[TimeControl "180+2"]
[EndTime "14:00:55 PDT"]
[Termination "TregubovP won on time"]

1. d4 Nf6 2. Bf4 d5 3. e3 c5 4. c3 Nc6 5. Nd2 Bf5 6. Qb3 Qc8 7. Ngf3 e6 8. h3 h6 9. dxc5 Bxc5 10. Nd4 Bg6 11. Bh2 O-O 12. Be2 Re8 13. N2f3 Ne4 14. O-O e5 15. Nxc6 bxc6 16. Nxe5 Nd2 17. Qa4 Nxf1 18.
Bxf1 Re6 19. Ba6 Qe8 20. Bb7 Rd8 0-1

[Event "*** MasterClass Titled Tuesday Blitz"]
[Site "Chess.com"]
[Date "2017.08.01"]
[Round "5"]
[White "SuperBlitz"]
[Black "TenisMaster"]
[Result "0-1"]
[WhiteElo "2280"]
[BlackElo "2685"]
[TimeControl "180+2"]
[EndTime "14:01:15 PDT"]
[Termination "TenisMaster won by resignation"]

1. g4 d5 2. Bg2 c6 3. g5 h6 4. h4 e5 5. d4 e4 6. c4 hxg5 7. hxg5 Rxh1 8. Bxh1 Bb4+ 9. Kf1 Ne7 10. cxd5 cxd5 11. Bf4 Nbc6 12. e3 Ng6 13. Bg2 Be6 14. Nc3 Nxf4 15. exf4 Bxc3 16. bxc3 Qc7 17. Ne2 Bg4 18.
Qd2 Na5 19. Ng3 Nc4 20. Qe1 Qxf4 21. Rb1 Nd2+ 22. Kg1 Nxb1 23. Qxb1 O-O-O 24. Qb5 Qc1+ 25. Nf1 Qxc3 26. a4 Qxd4 27. Ne3 Be6 28. a5 a6 29. Qb1 Qc5 30. Nc2 Kb8 31. Nb4 Ka7 32. Bf1 e3 33. Nd3 exf2+ 34. Kh2 Rh8+ 35. Kg2 Qe3 36. Nxf2 Qxg5+ 37. Kf3 Qf5+ 38. Qxf5 Bxf5 0-1

[Event "*** MasterClass Titled Tuesday Blitz"]
[Site "Chess.com"]
[Date "2017.08.01"]
[Round "5"]
[White "ChessNinja48"]
[Black "pedromartinez91"]
[Result "0-1"]
[WhiteElo "2293"]
[BlackElo "2342"]
[TimeControl "180+2"]
[EndTime "14:01:25 PDT"]
[Termination "pedromartinez91 won by resignation"]

1. d4 d5 2. Nf3 Nf6 3. c4 e6 4.
Nc3 Be7 5. Bg5 O-O 6. Rc1 a6 7. e3 Nbd7 8. Bd3 dxc4 9. Bxc4 b5 10. Bd3 c5 11. O-O Bb7 12. Qe2 Qb6 13. dxc5 Nxc5 14. Bb1 Rfd8 15. b4 Ncd7 16. a3 Rac8 17. Nd4 Ne5 18. Bxf6 Bxf6 19. Ne4 Bxe4 20. Bxe4 Nc4 21. a4 Bxd4 22. exd4 Rxd4 23. axb5 axb5 24. Bf3 g6 25. Rfd1 Rcd8 26. h3 Qd6 27. Rxd4 Qxd4 28. Bc6 Qf4 29. Bxb5 Qxc1+ 0-1

[Event "*** MasterClass Titled Tuesday Blitz"]
[Site "Chess.com"]
[Date "2017.08.01"]
[Round "5"]
[White "IIIlllII1llIl"]
[Black "Sebastian"]
[Result "0-1"]
[WhiteElo "2632"]
[BlackElo "2797"]
[TimeControl "180+2"]
[EndTime "14:01:42 PDT"]
[Termination "Sebastian won by resignation"]

1. d4 d5 2. c4 dxc4 3. Nf3 Nf6 4. e3 e6 5. Bxc4 a6 6. a4 c5 7.
O-O Nc6 8. Nc3 Be7 9. Qe2 cxd4 10. exd4 Nxd4 11. Nxd4 Qxd4 12. Rd1 Qg4 13. f3 Qh5 14. Ne4 Bd7 15. g4 Qa5 16. b4 Qc7 17. Bb2 Nxe4 18. Qxe4 Bc6 19. Qe3 O-O 20. Be5 Qc8 21. b5 axb5 22.
axb5 Rxa1 23. Bxa1 Bxf3 24. Qxf3 Qxc4 25. Qxb7 Qxg4+ 0-1

[Event "*** MasterClass Titled Tuesday Blitz"]
[Site "Chess.com"]
[Date "2017.08.01"]
[Round "5"]
[White "FairChess_on_YouTube"]
[Black "lukas_111111"]
[Result "1-0"]
[WhiteElo "2739"]
[BlackElo "2424"]
[TimeControl "180+2"]
[EndTime "14:01:43 PDT"]
[Termination "FairChess_on_YouTube won by resignation"]

1. d4 Nf6 2. Bg5 d5 3. Nd2 c5 4. dxc5 e6 5. b4 a5 6. a3 Nc6 7. c3 h6 8. Bh4 g5 9. Bg3 Bg7 10.
e3 O-O 11. Ne2 axb4 12. axb4 Rxa1 13. Qxa1 Ne4 14. Nxe4 dxe4 15. Nd4 Ne5 16. Bxe5 Bxe5 17. Bc4 Qc7 18. h4 g4 19. Qb1 Bxd4 20. cxd4 f5 21. g3 Kg7 22. O-O Bd7 23. Qb2 Kh7 24. Ra1 Qb8 25.
b5 Qc7 26. Ra7 Bc8 27. b6 Qg7 28. c6 f4 29. exf4 Rxf4 30. cxb7 Bxb7 31. gxf4 1-0

[Event "*** MasterClass Titled Tuesday Blitz"]
[Site "Chess.com"]
[Date "2017.08.01"]
[Round "5"]
[White "gui_borba"]
[Black "YaWaleriy"]
[Result "0-1"]
[WhiteElo "2120"]
[BlackElo "2210"]
[TimeControl "180+2"]
[EndTime "14:02:08 PDT"]
[Termination "YaWaleriy won by checkmate"]

1. Nf3 d5 2. b3 e6 3. Bb2 Nf6 4. e3 Be7 5. d4 O-O 6. Bd3 b6 7.
O-O Bb7 8. Nbd2 c5 9. c4 Nbd7 10. Qe2 Rc8 11. Rfd1 Bd6 12. e4 dxe4 13. Nxe4 Nxe4 14.
Bxe4 Bxe4 15. Qxe4 Nf6 16. Qh4 Qe7 17. dxc5 Bxc5 18.
Ng5 h6 19. Bxf6 Qxf6 20. Nf3 Qxh4 21. Nxh4 Rfd8 22. Nf3 f6 23. Kf1 Kf7 24. Ke2 h5 25. Nd2 f5 26. Nf3 Kf6 27. h4 e5 28. Ng5 e4 29. Nh3 Bd6 30. Rd5 Be5 31. Rad1 Rxd5 32. Rxd5 Rc5 33. Rd7 Rc7 34. Rd8 b5 35. Ng5 bxc4 36.
bxc4 Rxc4 37. Rf8+ Kg6 38. f3 exf3+ 39. Nxf3 Bf6 40.
Kd3 Ra4 41. Ra8 Rxa2 42. g3 Ra3+ 43. Ke2 Kh7 44. Kf2 a5 45. Ne1 a4 46. Ng2 Bd4+ 47.
Kf1 Ra1+ 48. Ke2 Ra2+ 49. Kf3 Rf2# 0-1

[Event "*** MasterClass Titled Tuesday Blitz"]
[Site "Chess.com"]
[Date "2017.08.01"]
[Round "5"]
[White "michaelq2d5"]
[Black "Bengalas"]
[Result "1-0"]
[WhiteElo "2601"]
[BlackElo "2460"]
[TimeControl "180+2"]
[EndTime "14:02:13 PDT"]
[Termination "michaelq2d5 won by checkmate"]

1. d4 Nf6 2. c4 e6 3. Nc3 Bb4 4.
Qc2 d6 5. Nf3 O-O 6. g3 b6 7.
Bg2 Bb7 8. O-O Bxc3 9. Qxc3 a5 10. b3 Nbd7 11. Bb2 Qe7 12. Rad1 Ne4 13. Qc2 f5 14. d5 e5 15. Nh4 g6 16. Bxe4 fxe4 17. Qxe4 Nc5 18.
Qe3 Rae8 19. Qh6 Bc8 20. f3 Ba6 21. f4 exf4 22. Nxg6 Qe3+ 23. Rf2 Rf7 24. Bd4 Qe4 25. Nxf4 Qe7 26. Rdf1 Ne4 27. Ng6 Qg5 28. Qg7+ Rxg7 29. Rf8+ Rxf8 30. Rxf8# 1-0

[Event "*** MasterClass Titled Tuesday Blitz"]
[Site "Chess.com"]
[Date "2017.08.01"]
[Round "5"]
[White "DiamondCrusher22"]
[Black "silverback96"]
[Result "0-1"]
[WhiteElo "2033"]
[BlackElo "2125"]
[TimeControl "180+2"]
[EndTime "14:02:13 PDT"]
[Termination "silverback96 won by resignation"]

1. e4 c6 2. Bc4 d5 3. Bb3 Nf6 4. e5 Ne4 5. d4 e6 6. Ne2 c5 7.
f3 Qh4+ 8. g3 Nxg3 9. Nxg3 cxd4 10. Qe2 Nc6 11. Nd2 Bb4 12. a3 Ba5 13. Ba4 O-O 14. b4 Bb6 15. Bxc6 bxc6 16. Nb3 a5 17. Bb2 Ba6 18. Qd2 axb4 19. Bxd4 Bxd4 20. Qxd4 Qh3 21. axb4 Bc4 22. Rb1 Ra2 23. Rg1 Rxc2 24. Nd2 Qxh2 25.
Qe3 Rxd2 26. Rh1 Re2+ 27. Qxe2 Qxg3+ 28. Qf2 Qxe5+ 29. Kd1 Ra8 30. Qe1 Qf5 31. Rc1 Qxf3+ 32. Kd2 Ra2+ 33. Rc2 Qd3+ 0-1

[Event "*** MasterClass Titled Tuesday Blitz"]
[Site "Chess.com"]
[Date "2017.08.01"]
[Round "5"]
[White "TheLancer"]
[Black "B-man"]
[Result "1-0"]
[WhiteElo "2475"]
[BlackElo "2380"]
[TimeControl "180+2"]
[EndTime "14:02:18 PDT"]
[Termination "TheLancer won by resignation"]

1. e4 c5 2. Nf3 d6 3. d4 cxd4 4. Nxd4 a6 5. Be2 Nf6 6. Nc3 Nc6 7.
O-O e6 8. Kh1 Be7 9. f4 Qc7 10.
Bf3 O-O 11. a4 Re8 12. Nb3 Na5 13. Qe1 Nxb3 14. cxb3 Qb6 15. e5 dxe5 16. fxe5 Nd7 17. Qg3 Qxb3 18. Be4 Bf8 19. Qh3 g6 20. Rxf7 Kxf7 21.
Qxh7+ Bg7 22. Bh6 Ke7 23. Bg5+ Nf6 24. Qxg7+ 1-0

[Event "*** MasterClass Titled Tuesday Blitz"]
[Site "Chess.com"]
[Date "2017.08.01"]
[Round "5"]
[White "Bryakin_Mikhail"]
[Black "nekochabo"]
[Result "0-1"]
[WhiteElo "2533"]
[BlackElo "2571"]
[TimeControl "180+2"]
[EndTime "14:02:26 PDT"]
[Termination "nekochabo won by resignation"]

1. d4 d5 2. Nf3 e6 3. c4 c6 4. e3 Nd7 5. Nc3 f5 6. b3 Bd6 7. Bd3 Nh6 8. Bb2 O-O 9. Qc2 Qe7 10.
h3 a6 11. Nd2 b5 12. c5 Bc7 13.
f4 Qh4+ 14. Ke2 Nf6 15. Nf3 Qg3 16. Rag1 Ne4 17. Nd1 Bd7 18. Bc3 Qg6 19. Be1 Ng3+ 20. Bxg3 Qxg3 21. Kd2 b4 22. Nb2 Be8 23. Be2 Bh5 24.
Nd3 a5 25. Nde5 a4 26. Nxc6 axb3 27. axb3 Ra3 28. Ne1 Bxf4 29. exf4 Qxf4+ 30. Kd3 Qe4+ 31. Kd2 Qxe2+ 0-1

[Event "*** MasterClass Titled Tuesday Blitz"]
[Site "Chess.com"]
[Date "2017.08.01"]
[Round "5"]
[White "scrapnel"]
[Black "MateusViageiro"]
[Result "1-0"]
[WhiteElo "2499"]
[BlackElo "2300"]
[TimeControl "180+2"]
[EndTime "14:02:29 PDT"]
[Termination "scrapnel won by checkmate"]

1. d4 Nf6 2. Nf3 e6 3. c4 b6 4.
Bf4 Bb7 5. e3 d5 6. Nc3 Bd6 7.
Bg3 c6 8. Bd3 Bxg3 9. hxg3 Nbd7 10. cxd5 exd5 11. Qc2 h6 12. O-O-O b5 13. e4 b4 14. Na4 dxe4 15. Bxe4 O-O 16. Bf5 Qa5 17. Kb1 Ba6 18. Nc5 Nxc5 19. dxc5 Rad8 20. Ne5 Bb5 21. Rd6 Rfe8 22. f4 Nd5 23. Bh7+ Kf8 24. Qf5 Nf6 25. Ng6+ fxg6 26. Rxf6+ gxf6 27. Qxf6# 1-0

[Event "*** MasterClass Titled Tuesday Blitz"]
[Site "Chess.com"]
[Date "2017.08.01"]
[Round "5"]
[White "sergiochess83"]
[Black "Aygehovit1992"]
[Result "1-0"]
[WhiteElo "2662"]
[BlackElo "2471"]
[TimeControl "180+2"]
[EndTime "14:02:31 PDT"]
[Termination "sergiochess83 won by resignation"]

1. e4 c5 2. Nf3 d6 3. d4 cxd4 4. Nxd4 Nf6 5. Nc3 Nc6 6. Bg5 a6 7. Qd2 Bd7 8. Nb3 e6 9. O-O-O Rc8 10. f4 Be7 11. Be2 b5 12. a3 b4 13. axb4 Nxb4 14.
Kb1 a5 15. Bxf6 Bxf6 16. Qxd6 Be7 17. Qd4 a4 18. Na5 Qc7 19. Nc4 a3 20. Nxa3 Rd8 21. Qxg7 Rf8 22. Bb5 Qxf4 23. Rxd7 Rxd7 24. Rd1 Nd5 25.
Nxd5 exd5 26. Rxd5 Bxa3 27. Rxd7 Qb8 28. Rb7+ 1-0